 Dungeon Crawl Stone Soup version 0.25-a0-589-g1e14c549ee (webtiles) character file.

Game seed: 18302669419091105190, levelgen mode: deterministic

10172 kae the Basher (level 11, 0/89 HPs)
             Began as a Demonspawn Gladiator on Mar 12, 2020.
             Was an Elder of Qazlal.
             Slain by a death knight
             ... wielding a +4 vorpal great mace
              (7 damage)
             ... on level 10 of the Dungeon.
             The game lasted 00:10:29 (10763 turns).

kae the Basher (Demonspawn Gladiator)              Turns: 10763, Time: 00:10:30

Health: 0/89       AC: 19    Str: 17    XL:     11   Next: 32%
Magic:  28/28      EV:  7    Int: 11    God:    Qazlal [****..]
Gold:   950        SH:  5    Dex: 18    Spells: 10/10 levels left

rFire    . . .     SeeInvis +   C - +9 great mace of Impatience {speed, +Inv rC+++ MP+9 Stlth-}
rCold    + + +     Gourm    .   (shield currently unavailable)
rNeg     . . .     Faith    .   p - +2 plate armour
rPois    .         Spirit   .   D - +2 helmet {SInv}
rElec    .         Reflect  .   q - +0 cloak
rCorr    .         Harm     .   (no gloves)
MR       .....                  (no boots)
Stlth    ..........             (no amulet)
HPRegen  0.24/turn              K - +4 ring of dexterity
MPRegen  0.21/turn              J - +1 ring of evasion

@: repel missiles
A: hooves 2, thin metallic scales 1, powered by death 1
a: Upheaval, Elemental Force, Renounce Religion, Evoke Invisibility


You were on level 10 of the Dungeon.
You worshipped Qazlal.
Qazlal was greatly pleased with you.
You were hungry.

You visited 1 branch of the dungeon, and saw 11 of its levels.

You collected 1868 gold pieces.
You spent 918 gold pieces at shops.

Inventory:

Hand Weapons
 a - a +0 flail
 o - a +1 whip of freezing
 s - a +4 whip of pain
 C - the +9 great mace of Impatience (weapon) {speed, +Inv rC+++ MP+9 Stlth-}
   (You bought it in a shop on level 5 of the Dungeon)

   Attacks with this weapon are significantly faster.
   It renders you almost immune to cold.
   It affects your magic capacity (+9).
   It lets you turn invisible.
   It makes you less stealthy.
Missiles
 d - 5 throwing nets (quivered)
Armour
 p - a +2 plate armour (worn)
 q - a +0 cloak (worn)
 D - a +2 helmet of see invisible (worn)
Jewellery
 k - an uncursed ring of stealth
 r - a +2 ring of intelligence
 G - an uncursed ring of flight
 J - a +1 ring of evasion (right hand)
 K - a +4 ring of dexterity (left hand)
Wands
 H - a wand of iceblast (10)
Scrolls
 g - 4 scrolls of teleportation
 i - 2 scrolls of fog
 l - 4 scrolls of remove curse
 m - 3 scrolls of fear
 v - 4 scrolls of enchant weapon
 w - 3 scrolls of magic mapping
 x - 3 scrolls of random uselessness
 y - a scroll of amnesia
Potions
 b - a potion of might
 e - a potion of magic
 h - 3 potions of degeneration
 j - 2 potions of mutation
 n - a potion of stabbing
 t - a potion of ambrosia
 u - a potion of resistance
 z - 2 potions of heal wounds
 A - a potion of cancellation
 B - a potion of berserk rage
 E - a potion of curing
 F - a potion of flight
 I - 2 potions of invisibility {unknown}
 L - a potion of lignification
Comestibles
 f - 20 rations


   Skills:
 + Level 9.3 Fighting
 * Level 11.9 Maces & Flails
 - Level 1.7 Throwing
 + Level 2.2 Armour
 - Level 2.6 Dodging
 + Level 10.7 Invocations


You had 10 spell levels left.
You didn't know any spells.
Your spell library contained the following spells:

 Spells                   Type           Power        Failure   Level  Hunger
 Magic Dart               Conj           #...         100%        1    ##.....
 Searing Ray              Conj           #.....       100%        2    ###....
 Dazzling Flash           Conj/Hex       #.....       100%        3    ####...
 Fulminant Prism          Conj/Hex       #.........   100%        4    #####..
 Iskenderun's Mystic Bla  Conj/Tloc      #.......     100%        4    #####..


Dungeon Overview and Level Annotations

Branches:
Dungeon (11/15)            Temple (0/1) D:6            Lair (0/6) D:9
    Orc (0/2) D:10

Altars:
Cheibriados
Dithmenos
Hepliaklqana
Kikubaaqudgha
Makhleb
Nemelex Xobeh
Okawaru
Qazlal
Ru
Sif Muna
Trog
Vehumet
Yredelemnul

Shops:
D:5 *   D:6 *


Innate Abilities, Weirdness & Mutations

You have hoof-like feet.
You are partially covered in thin metallic scales. (AC +2)
You regenerate a little health from kills.


Message History

You kick the death knight, but do no damage.
The death knight is lightly wounded.
The death knight hits you with a +4 vorpal great mace!
You bludgeon the death knight!! Your kick misses the death knight.
The death knight is moderately wounded.
You hit the death knight. You kick the death knight.
The death knight is moderately wounded.
The death knight hits you with a +4 vorpal great mace.
Your plate armour prevents you from hitting the death knight.
Your kick misses the death knight.
The death knight is moderately wounded.
You closely miss the death knight.
You kick the death knight, but do no damage.
The death knight is moderately wounded.
The death knight hits you with a +4 vorpal great mace!!
* * * LOW HITPOINT WARNING * * *
x2 You closely miss the death knight.
Your kick misses the death knight.
The death knight is moderately wounded.
The death knight hits you with a +4 vorpal great mace!
You die...

####'#### #....#
############## ####.#
#............# #.#
#...>........# ########'####
#............# #............
#.........§○.####............
#...........°#..'............
#..........p@#.##............
#..........)°#.##...........)
#...........○'.##............
#............####............
###'########## ##..[.#######
#......# ####..### ######.#
#.......# ######'####
#.......# #
#.........######.......####


You could see a death knight.

Vanquished Creatures
  4 two-headed ogres
  A skeletal warrior (D:10)
  Pikel (D:4)
  Maggie (D:7)
  Prince Ribbit (D:7)
  A wraith (D:10)
  A yak (D:7)
  A wyvern (D:10)
  3 hogs (D:7)
  2 hungry ghosts (D:10)
  A human (D:7)
  A steam dragon (D:10)
  A water moccasin (D:9)
  A black bear (D:6)
  2 slaves (D:4)
  A phantom (D:10)
  2 ice beasts
  3 sky beasts
  A necrophage (D:6)
  4 centaurs
  2 ogres
  6 bullfrogs
  A gnoll sergeant (D:9)
  A wyvern zombie (D:9)
  A wyvern skeleton (D:9)
  2 troll zombies (D:10)
  8 scorpions
  8 killer bees
  10 wights
  3 howler monkeys (D:8)
  8 crimson imps
  3 centaur skeletons
  6 hounds
  A jelly (D:7)
  3 orc wizards
  2 bullfrog skeletons
  2 orc priests (D:10)
  4 iguanas
  Terence (D:2)
  5 worker ants
  6 ogre zombies (D:10)
  A hound zombie (D:4)
  A hound skeleton (D:8)
  2 worker ant zombies
  Robin (D:4)
  11 gnolls
  6 adders
  An ooze (D:1)
  An adder zombie (D:5)
  4 adder skeletons
  4 worms (D:2)
  4 dart slugs
  A leopard gecko (D:7)
  27 orcs
  A ball python (D:1)
  7 bats
  8 giant cockroaches
  15 goblins
  9 hobgoblins
  14 jackals
  3 quokkas
  10 frilled lizards
  4 goblin zombies (D:10)
  A hobgoblin skeleton (D:10)
  2 hobgoblin zombies (D:10)
  A jackal skeleton (D:4)
  5 kobolds
  A leopard gecko zombie (D:5)
  4 orc skeletons (D:10)
  14 orc zombies (D:10)
  6 rats
  A butterfly (D:6)
286 creatures vanquished.

Vanquished Creatures (others)
  A jackal skeleton (D:4)
1 creature vanquished.

Grand Total: 287 creatures vanquished

Notes
Turn   | Place    | Note
-------+----------+-------------------------------------------
     0 | D:1      | kae the Demonspawn Gladiator began the quest for the Orb.
     0 | D:1      | Reached XP level 1. HP: 16/16 MP: 1/1
   162 | D:1      | Reached skill level 3 in Maces & Flails
   241 | D:1      | Gained mutation: You are partially covered in thin metallic
                  | scales. (AC +2) [demonic ancestry]
   241 | D:1      | Reached XP level 2. HP: 18/22 MP: 2/2
   758 | D:1      | Reached XP level 3. HP: 25/28 MP: 3/3
   914 | D:2      | Found a snail-covered altar of Cheibriados.
  1536 | D:2      | Noticed Terence
  1546 | D:2      | Killed Terence
  1546 | D:2      | Reached skill level 4 in Maces & Flails
  1546 | D:2      | Reached XP level 4. HP: 24/35 MP: 4/4
  2478 | D:3      | Gained mutation: You regenerate a little health from kills.
                  | [demonic ancestry]
  2478 | D:3      | Reached XP level 5. HP: 41/41 MP: 5/5
  2967 | D:4      | Reached skill level 5 in Maces & Flails
  3178 | D:4      | Found a burning altar of Makhleb.
  3200 | D:4      | Reached XP level 6. HP: 45/48 MP: 6/6
  3236 | D:4      | Found a stormy altar of Qazlal.
  3244 | D:4      | Became a worshipper of Qazlal Stormbringer
  3413 | D:4      | Identified the +0 helmet of the Hidden Vale {rC+ rCorr
                  | Str+4}
  3413 | D:4      | Noticed Robin
  3446 | D:4      | Killed Robin
  3446 | D:4      | Reached skill level 1 in Invocations
  3797 | D:4      | Noticed a slave
  3797 | D:4      | Noticed a slave
  3798 | D:4      | Noticed a slave
  3798 | D:4      | Noticed a slave
  3799 | D:4      | Noticed Pikel
  3800 | D:4      | Reached * piety under Qazlal
  3827 | D:4      | Killed a slave
  3871 | D:4      | Killed Pikel
  3871 | D:4      | Reached skill level 5 in Fighting
  3871 | D:4      | Reached skill level 6 in Maces & Flails
  3871 | D:4      | Gained mutation: You have large cloven feet. [demonic
                  | ancestry]
  3871 | D:4      | Reached XP level 7. HP: 51/56 MP: 7/9
  4221 | D:5      | Entered Level 5 of the Dungeon
  4273 | D:5      | Found Upaguoka's Assorted Antiques.
  4302 | D:5      | Bought a scroll labeled CARUNAUXZAH for 30 gold pieces
  4302 | D:5      | Bought a scroll labeled CARUNAUXZAH for 30 gold pieces
  4302 | D:5      | Bought a lumpy yellow potion for 27 gold pieces
  4302 | D:5      | Bought a scroll of identify for 60 gold pieces
  4391 | D:5      | Reached skill level 7 in Maces & Flails
  4400 | D:5      | Found an iron altar of Okawaru.
  4446 | D:5      | Reached XP level 8. HP: 62/62 MP: 11/11
  4464 | D:5      | Found a burning altar of Makhleb.
  4613 | D:5      | Found a bloodstained altar of Trog.
  4615 | D:5      | Found a sacrificial altar of Ru.
  4904 | D:6      | Found a hazy altar of Hepliaklqana.
  5004 | D:6      | Reached skill level 5 in Invocations
  5050 | D:6      | Found a shadowy altar of Dithmenos.
  5050 | D:6      | Found a radiant altar of Vehumet.
  5052 | D:6      | Found a basalt altar of Yredelemnul.
  5192 | D:6      | Found an ancient bone altar of Kikubaaqudgha.
  5254 | D:6      | Found an iron altar of Okawaru.
  5364 | D:6      | Reached skill level 8 in Maces & Flails
  5537 | D:6      | Found a staircase to the Ecumenical Temple.
  5568 | D:6      | Found Noniriff's Assorted Antiques.
  5573 | D:6      | Bought a fizzy orange potion for 21 gold pieces
  5573 | D:6      | Bought a scroll labeled CARUNAUXZAH for 24 gold pieces
  5573 | D:6      | Bought a scroll labeled SADENW EKER for 24 gold pieces
  5573 | D:6      | Bought a scroll labeled WIRRIFU JONO for 24 gold pieces
  5676 | D:6      | Found a sparkling altar of Nemelex Xobeh.
  6065 | D:6      | Bought a scroll labeled YSETOE KEURIAFUWEM for 24 gold
                  | pieces
  6065 | D:6      | Bought a scroll of magic mapping for 84 gold pieces
  6138 | D:5      | Bought an ancient great mace for 345 gold pieces
  6138 | D:5      | Bought a glowing helmet for 225 gold pieces
  6148 | D:5      | Identified the +9 great mace of Impatience {speed, +Inv
                  | rC+++ MP+9 Stlth-} (You bought it in a shop on level 5 of
                  | the Dungeon)
  6212 | D:7      | Noticed Prince Ribbit
  6216 | D:7      | Killed Prince Ribbit
  6216 | D:7      | Gained mutation: You have hoof-like feet. [demonic
                  | ancestry]
  6216 | D:7      | Reached XP level 9. HP: 71/71 MP: 13/13
  6244 | D:7      | Reached ** piety under Qazlal
  6287 | D:7      | Noticed Maggie
  6294 | D:7      | Killed Maggie
  6294 | D:7      | Reached skill level 9 in Maces & Flails
  6688 | D:7      | Noticed a two-headed ogre
  6711 | D:7      | Killed a two-headed ogre
  7272 | D:7      | Reached skill level 10 in Maces & Flails
  7274 | D:7      | Reached XP level 10. HP: 76/80 MP: 16/16
  7706 | D:8      | Found a shimmering blue altar of Sif Muna.
  7923 | D:8      | Noticed a two-headed ogre
  7930 | D:8      | Killed a two-headed ogre
  8222 | D:9      | Found a staircase to the Lair.
  8284 | D:9      | Reached *** piety under Qazlal
  8372 | D:9      | Reached skill level 11 in Maces & Flails
  8783 | D:9      | Noticed a two-headed ogre
  8843 | D:9      | Killed a two-headed ogre
  8843 | D:9      | Reached skill level 10 in Invocations
  9429 | D:10     | Entered Level 10 of the Dungeon
  9466 | D:10     | Reached XP level 11. HP: 87/87 MP: 18/18
  9495 | D:10     | Found a staircase to the Orcish Mines.
  9506 | D:10     | Reached **** piety under Qazlal
  9506 | D:10     | Reached skill level 1 in Armour
  9659 | D:10     | Noticed a two-headed ogre
  9669 | D:10     | Killed a two-headed ogre
 10357 | D:11     | Noticed a skeletal warrior
 10365 | D:11     | Noticed a skeletal warrior
 10376 | D:11     | Noticed a death knight
 10381 | D:10     | Killed a skeletal warrior
 10763 | D:10     | Slain by a death knight

Levels and vault maps discovered:
D:1:      minmay_arrival_loop, layout_basic, kennysheep_minor_cross
D:2:      layout_loops_cross, lemuel_doored_altar, uniq_terence
D:3:      layout_basic
D:4:      layout_basic, makhleb_grotto_becter, lemuel_coloured_pillars_altar,
          first_ration, uniq_pikel, uniq_robin
D:5:      layout_basic, grunt_temple_overflow_open, marbit_many_paths,
          basic_altar, serial_shops, nicolae_shop_overgrown_old_shop
D:6:      layout_layer_cave, kiku_gazebo_garden_becter,
          overflow_temple_1_default, nicolae_overflow_quartered_altars,
          minmay_temple_entry_butterflies, serial_shops, kennysheep_little_box,
          okawaru_altar_gauntlet_db
D:7:      layout_layer_cave, grunt_livestock, uniq_maggie, uniq_prince_ribbit1
D:8:      layout_cave_pools, overflow_temple_1_default
D:9:      minmay_inner_zag, layout_loops_ring, lair_entry_dummy
D:10:     layout_roguey, zombieorc2_lemuel
D:11:     layout_basic, hangedman_ru_absence

Skill      XL: |  1  2  3  4  5  6  7  8  9 10 11 |
---------------+----------------------------------+-----
Maces & Flails | 3 4 5 6 7 8 10 11 | 11.9
Fighting       | 3 5 6 7 8 9 |  9.3
Invocations    | 3 4 6 8 10 | 10.7
Armour         | 2 |  2.2
Throwing       | |  1.7
Dodging        | |  2.6

Action                   |  1- 3 |  4- 6 |  7- 9 | 10-12 || total
-------------------------+-------+-------+-------+-------++-------
Melee: Flail             |   111 |    18 |       |       ||   129
       Whip              |       |   291 |   241 |       ||   532
       Kick              |       |       |    94 |    94 ||   188
       Great mace        |       |       |    65 |   281 ||   346
Invok: Upheaval          |       |       |     1 |     1 ||     2
  Use: Scroll            |       |    11 |    11 |     6 ||    28
       Potion            |       |     2 |     1 |       ||     3
 Stab: Sleeping          |     1 |     1 |       |       ||     2
       Distracted        |       |       |     1 |       ||     1
  Eat: Chunk             |     2 |     8 |     7 |     9 ||    26
       Ration            |       |       |     1 |     1 ||     2
Armor: Leather armour    |    30 |    24 |       |       ||    54
       Plate armour      |       |   146 |   173 |   143 ||   462
       Skin              |       |    11 |    11 |       ||    22
Dodge: Dodged            |    67 |    94 |    56 |    70 ||   287
Block: Other             |       |     1 |    16 |    28 ||    45

Table legend:
 A = Non-vault XP
 B = Vault XP
 C = Vault XP percentage of total XP
 D = Non-vault monster count
 E = Vault monster count
 F = Vault count percentage of total count
                 A         B        C        D         E       F
            +---------+---------+-------+---------+---------+-------
      Total |   10255 |    4277 |  29.4 |     214 |      68 |  24.1
            +---------+---------+-------+---------+---------+-------
        D:1 |      41 |       0 |   0.0 |      21 |       0 |   0.0
        D:2 |      90 |      36 |  28.6 |      20 |       1 |   4.8
        D:3 |      40 |       0 |   0.0 |      19 |       0 |   0.0
        D:4 |     284 |     806 |  73.9 |      18 |      15 |  45.5
        D:5 |     300 |      33 |   9.9 |      15 |       1 |   6.2
        D:6 |     964 |      23 |   2.3 |      27 |       6 |  18.2
        D:7 |    1746 |    1677 |  49.0 |      22 |       7 |  24.1
        D:8 |    2184 |       0 |   0.0 |      26 |       0 |   0.0
        D:9 |    1214 |    1031 |  45.9 |      23 |       3 |  11.5
       D:10 |    3075 |     671 |  17.9 |      18 |      35 |  66.0
       D:11 |     317 |       0 |   0.0 |       5 |       0 |   0.0
            +---------+---------+-------+---------+---------+-------
